Map: Rhoskallian LE

Players

Muppets

  • Race: Protoss Protoss
  • Spawn Location: 12:00

barly

  • Race: Terran Terran
  • League: Platinum
  • Spawn Location: 11:00

qqq - Winner!

  • Race: Protoss Protoss
  • Spawn Location: 6:00

Massa - Winner!

  • Race: Terran Terran
  • League: Platinum
  • Spawn Location: 5:00

VOD

Have the link to the VOD?

Description

Time

  • Played on: Nov. 1, 2020, 12:22 p.m.
  • Length: 10:20
Show
View Real Time Build Order
Export as new Build Order

Muppets Protoss 

Build Orders:  

Get SALT Encoding   

  12  0:00  Probe  
  13  0:13  Probe  
  14  0:20  Pylon  
  14  0:25  Probe  
  15  0:38  Probe  
  16  0:46  Gateway  
  16  0:50  Probe  
  17  1:17  Pylon  
  17  1:28  Forge  
  17  1:35  Zealot (Chrono Boost)  
  19  2:05  Photon Cannon  
  19  2:06  Photon Cannon  
  18  2:10  Photon Cannon  
  14  2:17  Photon Cannon  
  14  2:19  Pylon  
  14  2:26  Zealot  
  15  2:39  Photon Cannon  
  15  2:52  Probe  
  15  2:54  Assimilator  
  16  2:58  Assimilator  
  16  3:04  Probe (Chrono Boost)  
  18  3:14  Probe (Chrono Boost)  
  18  3:19  Probe (Chrono Boost)  
  18  3:20  Pylon  
  19  3:30  Probe (Chrono Boost)  
  20  3:37  Probe (Chrono Boost)  
  21  3:43  Cybernetics Core  
  21  3:45  Probe  
  21  3:57  Probe  
  22  4:05  Gateway  
  22  4:09  Probe (Chrono Boost)  
  23  4:18  Probe (Chrono Boost)  
  23  4:19  Warp Gate (Chrono Boost)  
  23  4:23  Probe (Chrono Boost)  
  25  4:36  Probe  
  26  4:48  Probe  
  27  4:54  Nexus  
  27  5:00  Probe  
  28  5:12  Probe  
  29  5:18  Pylon  
  29  5:25  Probe  
  29  5:26  Robotics Facility  
  30  5:38  Probe  
  30  5:39  Stalker  
  33  5:46  Pylon  
  33  5:50  Probe  
  34  6:00  Stalker  
  36  6:06  Photon Cannon  
  38  6:19  Observer  
  38  6:25  Probe (Chrono Boost)  
  39  6:27  Assimilator  
  39  6:28  Protoss Ground Weapons Level 1 (Chrono Boost)  
  39  6:29  Probe (Chrono Boost)  
  39  6:36  Probe (Chrono Boost), Stalker  
  39  6:39  Probe (Chrono Boost)  
  43  6:47  Pylon  
  43  6:49  Probe  
  44  6:57  Immortal  
  44  6:59  Probe (Chrono Boost)  
  49  7:04  Probe (Chrono Boost)  
  50  7:08  Photon Cannon  
  50  7:11  Probe (Chrono Boost)  
  52  7:17  Probe (Chrono Boost)  
  52  7:20  Stalker x2  
  56  7:28  Twilight Council  
  54  7:36  Assimilator  
  46  7:48  Photon Cannon  
  44  7:51  Stalker x2  
  44  7:56  Photon Cannon  
  44  7:57  Shield Battery  
  46  8:00  Probe x2  
  48  8:12  Probe x2  
  50  8:24  Probe (Chrono Boost)  
  50  8:26  Probe (Chrono Boost)  
  52  8:37  Probe (Chrono Boost)  
  54  8:42  Probe (Chrono Boost)  
  54  8:43  Probe (Chrono Boost)  
  52  8:48  Probe  
  53  8:59  Stalker x2  
  53  9:01  Probe  
  58  9:11  Nexus  
  58  9:12  Pylon  
  56  9:30  Adept x2  
  60  9:32  Probe x2  
  60  9:44  Probe  
Show
View Real Time Build Order
Export as new Build Order

barly Terran 

Build Orders:  

Get SALT Encoding   

  12  0:00  SCV  
  13  0:18  SCV  
  14  0:25  Supply Depot  
  14  0:30  SCV  
  15  0:47  SCV, Barracks  
  16  0:58  Refinery  
  16  0:59  SCV  
  17  1:31  SCV  
  18  1:37  Marine  
  19  1:45  Command Center  
  19  1:55  Marine  
  19  2:00  Supply Depot  
  20  2:13  Marine  
  21  2:26  Supply Depot  
  21  2:41  Marine  
  19  2:59  Marine  
  17  3:17  Marine  
  17  3:18  Orbital Command x2  
  18  3:35  Marine  
  19  3:43  Refinery  
  19  3:46  SCV x2  
  21  3:53  Marine  
  22  3:58  SCV  
  22  3:59  SCV  
  24  4:07  Barracks  
  24  4:10  SCV  
  24  4:11  SCV, Barracks Tech Lab  
  26  4:23  SCV x2  
  28  4:33  Stimpack  
  28  4:35  SCV x2  
  30  4:39  Supply Depot  
  30  4:47  SCV x2  
  32  4:55  Barracks  
  32  4:59  SCV x2  
  34  5:01  Barracks Reactor  
  34  5:02  Supply Depot  
  34  5:11  SCV x2  
  36  5:20  Engineering Bay  
  36  5:22  Engineering Bay  
  36  5:23  SCV x2  
  36  5:25  Supply Depot  
  38  5:35  SCV, Command Center  
  34  6:16  Missile Turret  
  34  6:19  Terran Infantry Armor Level 1, Terran Infantry Weapons Level 1  
  34  6:21  SCV x2  
  36  6:26  Refinery  
  36  6:29  Barracks Tech Lab  
  36  6:30  Refinery  
  36  6:32  Marine  
  36  6:33  SCV x2, Marine  
  36  6:36  Marauder  
  40  6:50  Marine  
  40  6:51  Marine  
  42  6:57  Marauder  
  42  6:58  Missile Turret  
  44  7:08  Marine x2  
  43  7:19  Marauder  
  45  7:28  SCV x3  
  48  7:31  Missile Turret  
  47  7:40  SCV x3, Marauder, Marine  
  47  7:41  Marine x2  
  55  7:52  SCV x3  
  58  7:58  Marine  
  58  7:59  Marine x2  
  58  8:01  Marine  
  58  8:04  SCV  
  57  8:16  Marine x2  
  57  8:17  Marine  
  57  8:19  Marine  
  59  8:34  Marine x3  
  59  8:37  Marine  
  63  8:43  Missile Turret  
  63  8:48  SCV  
  64  8:49  SCV  
  64  8:52  Marine x3  
  64  8:53  Orbital Command  
  64  8:54  Marine  
  69  9:00  SCV  
  69  9:01  SCV  
  71  9:02  Supply Depot  
  71  9:05  Supply Depot  
  71  9:09  Marine  
  71  9:10  Marine x2  
  74  9:23  Marine  
  75  9:25  Factory  
  75  9:27  Marine, Concussive Shells  
  75  9:28  Marine x2  
  78  9:41  Marine  
  78  9:45  Marine  
  79  9:46  Marine x2  
  82  9:59  Marine  
Show
View Real Time Build Order
Export as new Build Order

qqq Protoss - Winner!

Build Orders: Cannon Rush 

Get SALT Encoding   

  12  0:02  Probe  
  13  0:14  Probe  
  14  0:27  Probe  
  15  0:31  Pylon  
  15  0:49  Probe  
  16  0:59  Forge  
  16  1:01  Probe  
  17  1:07  Pylon  
  17  1:13  Probe, Pylon  
  18  1:26  Pylon  
  17  1:38  Photon Cannon  
  17  1:40  Photon Cannon  
  17  1:47  Photon Cannon  
  17  2:02  Photon Cannon  
  17  2:08  Photon Cannon  
  17  2:15  Probe  
  18  2:59  Probe  
  18  3:01  Nexus  
  18  3:02  Assimilator  
  19  3:06  Gateway, Assimilator  
  19  3:12  Pylon  
  19  3:15  Pylon  
  19  3:19  Probe  
  20  3:32  Probe  
  21  3:44  Probe  
  22  3:56  Probe  
  23  4:05  Cybernetics Core  
  23  4:08  Probe (Chrono Boost)  
  24  4:15  Probe (Chrono Boost)  
  25  4:19  Probe (Chrono Boost)  
  25  4:22  Probe (Chrono Boost)  
  25  4:24  Probe (Chrono Boost)  
  27  4:29  Probe (Chrono Boost)  
  29  4:34  Probe (Chrono Boost)  
  30  4:41  Probe (Chrono Boost)  
  30  4:44  Assimilator  
  30  4:45  Probe (Chrono Boost)  
  32  4:47  Probe (Chrono Boost)  
  32  4:50  Probe (Chrono Boost)  
  32  4:52  Stargate  
  34  4:54  Probe  
  34  4:55  Stargate  
  35  5:00  Probe  
  35  5:04  Assimilator  
  35  5:06  Probe (Chrono Boost)  
  38  5:14  Probe (Chrono Boost)  
  38  5:19  Probe (Chrono Boost)  
  39  5:25  Probe (Chrono Boost)  
  39  5:26  Probe (Chrono Boost)  
  41  5:29  Probe (Chrono Boost)  
  41  5:33  Probe  
  43  5:38  Phoenix (Chrono Boost), Protoss Air Weapons Level 1  
  47  5:45  Probe  
  47  5:46  Phoenix (Chrono Boost)  
  48  5:54  Phoenix (Chrono Boost)  
  48  5:56  Fleet Beacon  
  50  5:57  Probe  
  50  5:58  Pylon  
  52  6:04  Phoenix  
  53  6:18  Phoenix  
  55  6:29  Phoenix  
  57  6:44  Carrier  
  63  7:16  Carrier  
  63  7:19  Anion Pulse-Crystals  
  69  7:23  Nexus  
  69  7:26  Pylon  
  69  7:27  Pylon  
  69  7:30  Pylon  
  69  7:34  Pylon  
  67  8:01  Carrier  
  73  8:19  Tempest, Photon Cannon  
  73  8:21  Photon Cannon  
  73  8:24  Photon Cannon  
  73  8:26  Shield Battery  
  78  8:28  Photon Cannon  
  78  8:35  Robotics Facility  
  78  8:36  Stargate  
  78  8:53  Carrier  
  78  8:58  Nexus  
  78  8:59  Pylon  
  78  9:01  Pylon  
  78  9:05  Tempest  
  78  9:06  Probe (Chrono Boost)  
  85  9:16  Probe (Chrono Boost)  
  91  9:21  Probe (Chrono Boost)  
  92  9:33  Probe  
  91  9:45  Probe  
  92  9:59  Probe  
  99  10:03  Photon Cannon  
  99  10:05  Photon Cannon  
  93  10:07  Photon Cannon  
  93  10:10  Photon Cannon  
Show
View Real Time Build Order
Export as new Build Order

Massa Terran - Winner!

Build Orders: Reaper Expand 

Get SALT Encoding   

  12  0:00  SCV  
  13  0:12  SCV  
  14  0:22  Supply Depot  
  14  0:28  SCV  
  15  0:44  SCV  
  15  0:46  Barracks  
  16  0:51  Refinery  
  16  0:56  SCV  
  17  1:08  SCV  
  18  1:20  SCV  
  19  1:35  Command Center  
  19  1:36  Reaper  
  20  1:42  Supply Depot  
  20  1:46  SCV  
  21  2:01  Orbital Command  
  21  2:08  Marine  
  22  2:24  Supply Depot  
  22  2:28  Barracks Reactor  
  22  2:41  Factory  
  22  2:43  Supply Depot  
  22  3:04  SCV  
  23  3:05  Orbital Command  
  23  3:16  SCV, Marine x2  
  25  3:26  Starport  
  25  3:28  SCV  
  25  3:31  Factory Reactor  
  26  3:40  Refinery x2  
  26  3:42  Engineering Bay  
  26  3:48  Marine  
  26  3:49  Marine  
  26  3:52  SCV x2  
  30  4:04  SCV x2  
  30  4:06  Marine x2  
  34  4:14  Liberator  
  34  4:16  SCV x2  
  39  4:18  Hellion x2  
  43  4:24  Marine x2  
  43  4:28  SCV x2  
  43  4:31  Missile Turret  
  47  4:35  Missile Turret  
  47  4:40  Widow Mine x2  
  47  4:42  Marine x2  
  53  4:46  SCV  
  53  4:49  SCV  
  55  4:58  SCV  
  56  5:00  Marine  
  56  5:01  Widow Mine, SCV, Marine  
  61  5:07  Supply Depot  
  61  5:09  Supply Depot  
  61  5:18  Marine  
  62  5:28  Marine, Medivac  
  62  5:29  Widow Mine x2  
  69  5:36  Marine  
  70  5:46  Marine  
  71  5:50  Widow Mine x2  
  75  6:06  SCV x2  
  77  6:11  Command Center  
  77  6:18  SCV  
  77  6:19  Refinery  
  78  6:52  Terran Infantry Weapons Level 1  
  78  6:56  Armory  
  78  7:23  SCV x2  
  78  7:27  Marine  
  78  7:28  Marine  
  82  7:35  SCV x2, Factory Tech Lab  
  84  7:45  Marine  
  84  7:46  Marine  
  84  7:47  SCV x2  
  85  8:03  Marine x2  
  87  8:21  Marine x2  
  89  8:38  Missile Turret  
  89  8:39  Missile Turret  
  89  8:45  SCV x2  
  89  8:55  Barracks x2  
  89  8:56  Siege Tank  
  89  8:57  SCV  
  93  9:05  Starport Reactor  
  93  9:08  Supply Depot x2  
  93  9:22  Barracks  
  93  9:23  Marine x2  
  93  9:24  Barracks  
  93  9:26  Orbital Command  
  93  9:27  Barracks x2  
  93  9:29  SCV x2, Siege Tank  
  93  9:30  Supply Depot  
  98  9:32  Supply Depot  
  98  9:40  Supply Depot x2  
  98  9:41  SCV x2, Marine x2, Supply Depot x2  
  98  9:45  Supply Depot  
  96  9:53  SCV x2  
  96  9:55  Supply Depot  
  96  9:56  Supply Depot  
  96  9:59  Marine x2  
  100  10:06  SCV x2  
  102  10:08  Barracks Tech Lab  
Tags
 
Add a new tag
Caveats
  • Supply blocks, unpowered buildings, or Contaminate may cause inaccurate times.
  • Supply counts are checked every 10 seconds.